AoeStats
← Fari

QS Arena

503311706Analyzed
1v1 RM · 1mo ago on Aug 31, 2026· 29m 32s· 2 players
Game mode
Random Map
Map size
Tiny (2 player)
Population
200
Speed
Normal
Resources
Standard
Victory
Conquest
Starting age
Dark Age
Ending age
Imperial Age
RankedLock teamsTeams togetherTeam positionsShared explorationLock speedFull tech treeHidden civsTurbo modeCheats
Victory
Defeat
🇧🇷 Byzantines · Brazil
1222
+14
🇧🇷 Tupi · Brazil
1180
-14
Fari
4:56 Loom
8:22 Feudal Age
13:32 Castle Age
11:27 Double-Bit Axe
11:23 Horse Collar
12:35 Gold Mining
17:31 Town Watch
28:23 Wheelbarrow
30:56 Imperial Age
Kinait
4:44 Loom
6:50 Feudal Age
13:41 Castle Age
13:35 Double-Bit Axe
13:33 Horse Collar
15:33 Fletching
16:36 Loom
17:24 Bodkin Arrow
19:22 Gold Mining
25:06 Crossbowman
28:42 Padded Archer Armor
Connection lost

Rejoining the realm…

Still unreachable

The connection could not be restored.

Session expired

The server has moved on; the page needs a fresh start.